 Dungeon Crawl Stone Soup version 0.24-a0-525-g9231cdcba1 (webtiles) character file.

Game seed: 5102336383424015077

223 GordonOverkill the Firebug (level 5, -1/38 HPs)
             Began as a Draconian Fire Elementalist on Aug 3, 2019.
             Engulfed by a cloud of steam (18 damage)
             ... on level 3 of the Dungeon.
             The game lasted 00:09:03 (3291 turns).

GordonOverkill the Firebug (DrFE)                   Turns: 3291, Time: 00:09:03

Health: -1/38      AC:  5    Str: 11    XL:     5   Next: 66%
Magic:  4/10       EV: 12    Int: 16    God:
Gold:   103        SH:  0    Dex: 11    Spells: 2/10 levels left

rFire    . . .     SeeInvis .   e - +1 short sword
rCold    . . .     Gourm    .   (no shield)
rNeg     . . .     Faith    .   (armour unavailable)
rPois    .         Spirit   .   (helmet restricted)
rElec    .         Reflect  .   (no cloak)
rCorr    .         Harm     .   (no gloves)
MR       .....                  (no boots)
Stlth    +.........             (no amulet)
HPRegen  0.12/turn              (no ring)
MPRegen  0.12/turn              (no ring)

@: very slow
A: unfitting armour, cold-blooded, AC +5
a: no special abilities


You were on level 3 of the Dungeon.
You were not hungry.

You visited 1 branch of the dungeon, and saw 3 of its levels.

You collected 103 gold pieces.

Inventory:

Hand Weapons
 e - a +1 short sword (weapon)
Missiles
 d - 119 stones (quivered)
Jewellery
 k - an uncursed ring of fire
 o - an uncursed amulet of faith
Scrolls
 a - a scroll of enchant armour
 c - a scroll of remove curse
 f - a scroll of fear
 h - 2 scrolls of identify
Potions
 g - a potion of resistance
 j - a potion of curing
 m - a potion of haste
Comestibles
 b - 6 rations
 i - 5 chunks of flesh


   Skills:
 - Level 2.0 Dodging
 - Level 2.0 Stealth
 + Level 3.4 Spellcasting
 + Level 3.2 Conjurations
 + Level 4.3 Fire Magic


You had 2 spell levels left.
You knew the following spells:

 Your Spells              Type           Power        Failure   Level  Hunger
a - Flame Tongue          Conj/Fire      ##...        3%          1    None
b - Conjure Flame         Conj/Fire      ##......     12%         3    ###....
c - Sticky Flame          Conj/Fire      ##......     36%         4    ####...

Your spell library contained the following spells:

 Spells                   Type           Power        Failure   Level  Hunger
 Throw Flame              Conj/Fire      ##....       6%          2    ##.....
 Inner Flame              Hex/Fire       #.......     22%         3    ###....
 Fireball                 Conj/Fire      ##........   71%         5    ######.


Dungeon Overview and Level Annotations

Branches:
Dungeon (3/15)

Altars:

Portals:
Sewer: D:3

Annotations:
D:1 1 runed translucent door


Innate Abilities, Weirdness & Mutations

Your plain brown scales are hard. (AC +5)
You cannot fit into any form of body armour.
You are cold-blooded and may be slowed by cold attacks.


Message History

Aim: a rat (steam)
The flame tongue hits the rat!
You kill the rat!
You are engulfed in a cloud of scalding steam.
Casting: Flame Tongue (safe; 3% risk of failure)
Confirm with . or Enter, or press ? or * to list all spells.
You can't see any susceptible monsters within range! (Use Z to cast anyway.)
Casting: Flame Tongue (safe; 3% risk of failure)
Confirm with . or Enter, or press ? or * to list all spells.
You can't see any susceptible monsters within range! (Use Z to cast anyway.)
Casting: Flame Tongue (safe; 3% risk of failure)
Confirm with . or Enter, or press ? or * to list all spells.
You can't see any susceptible monsters within range! (Use Z to cast anyway.)
Casting: Flame Tongue (safe; 3% risk of failure)
Confirm with . or Enter, or press ? or * to list all spells.
You can't see any susceptible monsters within range! (Use Z to cast anyway.)
You enter the shallow water.
Moving in this stuff is going to be slow.
You are engulfed in a cloud of scalding steam.
You die...

*,,,,,* #.#.#.#.#.# *.#,..
****,,,,,#####.........##***.#,.#
,,,,,,,,,+.....#.#.#.#...,,,..,..
,***,,,,,#.###.........##***,**,#
,* *,,,,,#.######....### *,**,.
,* *,,,,,#...........# *,**** ,*
*,,,,,#..######.#.# *,,,** ,*
******#..#≈≈§§#.#.#********,*, ,*
*,,#≈≈§@§.#,,,,,,,,,,,,, ,*
#..#≈∩≈†#.#,******,,,,*, ,*
#.(#≈≈≈≈#.#*******,,,,,, ,*
#>,#≈≈≈≈#..,,,,,,+,,,,*,
,*********,,######...,,,***,,,,,,
,,,,,,,,,,,,,,,,,...$.,,* *,,,,,*
*****************#.....,*****,,**
*####+#*,,,,,,*
***********,**,*,*,,**


There were no monsters in sight!

Vanquished Creatures
  A centaur (D:3)
  8 adders
  2 worms
  A dart slug (D:1)
  2 leopard geckos (D:2)
  An orc (D:3)
  2 ball pythons (D:3)
  A giant cockroach (D:1)
  4 goblins (D:1)
  8 hobgoblins
  6 jackals
  6 kobolds
  5 bats
  2 frilled lizards
  13 rats
62 creatures vanquished.

Notes
Turn   | Place    | Note
-------+----------+-------------------------------------------
     0 | D:1      | GordonOverkill the Draconian Fire Elementalist began the
                  | quest for the Orb.
     0 | D:1      | Reached XP level 1. HP: 14/14 MP: 3/3
     1 | D:1      | Found a runed translucent door.
   394 | D:1      | Reached XP level 2. HP: 20/20 MP: 3/5
  1028 | D:1      | Reached XP level 3. HP: 26/26 MP: 2/6
  1861 | D:2      | Reached XP level 4. HP: 33/33 MP: 3/8
  1959 | D:2      | Learned a level 3 spell: Conjure Flame
  1964 | D:2      | Learned a level 4 spell: Sticky Flame
  2433 | D:2      | Reached skill level 4 in Fire Magic
  2794 | D:3      | Noticed a centaur
  3152 | D:3      | Reached XP level 5. HP: 38/38 MP: 3/9
  3183 | D:3      | Killed a centaur
  3283 | D:3      | Found a glowing drain.
  3291 | D:3      | Engulfed by a cloud of steam

Levels and vault maps discovered:
D:1:      dpeg_arrival_caged_fury, layout_rooms, minmay_misc_feat_iff,
          st_stairs_1, chequers_serial_rivers_small_a,
          minmay_misc_feat_four_crosses, minmay_tree_intersection
D:2:      layout_basic, first_ration
D:3:      corexii_shack_village, layout_basic, portal_sewer_entry_c,
          serial_glass, glass_columns_a, glass_columns_a, glass_columns_a,
          glass_columns_a, glass_columns_b, glass_columns_a, glass_columns_c,
          glass_columns_a, glass_columns_c, glass_columns_a,
          grunt_gozag_breadcrumbs

Skill      XL: |  1  2  3  4  5 |
---------------+----------------+-----
Stealth        | 2 |  2.0
Dodging        | 2 |  2.0
Conjurations   | 2 3 |  3.2
Spellcasting   | 3 |  3.4
Fire Magic     | 4 |  4.3

Action                   |  1- 3 |  4- 6 || total
-------------------------+-------+-------++-------
Melee: Unarmed           |    26 |       ||    26
       Tailslap          |     2 |     1 ||     3
       Short sword       |     3 |     8 ||    11
Throw: Stone             |    42 |    36 ||    78
 Cast: Flame Tongue      |    60 |    49 ||   109
  Use: Scroll            |       |    13 ||    13
       Potion            |       |     5 ||     5
 Stab: Invisible         |       |     1 ||     1
  Eat: Chunk             |     4 |     4 ||     8
Armor: Skin              |    26 |    11 ||    37
Dodge: Dodged            |    69 |    11 ||    80

Table legend:
 A = Non-vault XP
 B = Vault XP
 C = Vault XP percentage of total XP
 D = Non-vault monster count
 E = Vault monster count
 F = Vault count percentage of total count
                 A         B        C        D         E       F
            +---------+---------+-------+---------+---------+-------
      Total |     310 |       9 |   2.8 |      54 |       8 |  12.9
            +---------+---------+-------+---------+---------+-------
        D:1 |      62 |       3 |   4.6 |      30 |       2 |   6.2
        D:2 |     116 |       0 |   0.0 |      16 |       0 |   0.0
        D:3 |     132 |       6 |   4.3 |       8 |       6 |  42.9
            +---------+---------+-------+---------+---------+-------
